AoeStats
← AlphaPrey

Arabia

508889306Analyzed
1v1 RM · 8d ago on Sep 24, 2026· 65m 57s· 2 players
Game mode
Random Map
Map size
Tiny (2 player)
Population
200
Speed
Normal
Resources
Standard
Victory
Conquest
Starting age
Dark Age
Ending age
Imperial Age
RankedLock teamsTeams togetherTeam positionsShared explorationLock speedFull tech treeHidden civsTurbo modeCheats
Victory
Defeat
🇳🇱 Cumans · Netherlands
640
+15
🇲🇽 Dravidians · Mexico
614
-15
PakirrySnow
12:54 Feudal Age
14:24 Wheelbarrow
14:32 Double-Bit Axe
23:37 Castle Age
24:05 Forging
25:26 Hand Cart
24:55 Horse Collar
27:11 Heavy Plow
27:47 Fletching
29:44 Bodkin Arrow
33:19 Stone Mining
37:38 Iron Casting
40:24 Imperial Age
38:10 Gambesons
39:37 Gold Mining
39:42 Elite Skirmisher
41:03 Ballistics
45:44 Squires
45:04 Pikeman
46:19 Bracer
47:26 Chemistry
48:28 Halberdier
49:58 Medical Corps
54:46 Conscription
57:10 Bow Saw
64:53 Two-Man Saw
AlphaPrey
10:05 Feudal Age
11:25 Double-Bit Axe
17:35 Horse Collar
21:01 Castle Age
19:34 Loom
21:07 Fletching
21:36 Pikeman
23:52 Thumb Ring
26:19 Stone Mining
28:16 Bloodlines
27:27 Light Cavalry
29:28 Bow Saw
31:41 Forging
32:20 Wheelbarrow
34:59 Gold Mining
38:08 Steppe Husbandry
41:23 Imperial Age
40:16 Ballistics
40:56 Gold Shaft Mining
43:28 Parthian Tactics
44:46 Heavy Cavalry Archer
45:33 Bodkin Arrow
45:38 Padded Archer Armor
49:35 Cavalier
53:41 Onager
56:10 Paladin
Connection lost

Rejoining the realm…

Still unreachable

The connection could not be restored.

Session expired

The server has moved on; the page needs a fresh start.